 Dungeon Crawl Stone Soup version 0.28.0-45-g0d030f2227 (webtiles) character file.

Game seed: 13943395540382125897

99 zeratav the Insei (level 4, 0/29 HPs)
             Began as an Octopode Transmuter on Apr 14, 2022.
             Slain by a river rat (3 damage)
             ... on level 3 of the Dungeon.
             The game lasted 00:03:57 (2951 turns).

zeratav the Insei (Octopode Transmuter)             Turns: 2951, Time: 00:03:58

Health: 0/29       AC:  1    Str:  9    XL:     4   Next: 72%
Magic:  6/7        EV: 13    Int: 15    God:
Gold:   93         SH:  0    Dex: 14    Spells: 6/7 levels left

rFire   . . .      SeeInvis .     - Unarmed
rCold   . . .      Faith    .   (no shield)
rNeg    . . .      Spirit   .   (helmet currently unavailable)
rPois   .          Reflect  .   (no amulet)
rElec   .          Harm     .   (no ring)
rCorr   .          Rampage  .   (no ring)
Will    .....                   (no ring)
Stlth   +++.......              (no ring)
HPRegen 0.09/turn               (no ring)
MPRegen 0.10/turn               (no ring)
                                (no ring)
                                (no ring)

@: appendages
A: tentacle spike 3, almost no armour, amphibious, 8 rings, camouflage 1,
gelatinous body 1, (nimble swimmer 1), tentacles
a: End Transformation


You were on level 3 of the Dungeon.
One of your tentacles had grown a beastly spike.
You visited 1 branch of the dungeon, and saw 3 of its levels.

You collected 93 gold pieces.


Innate Abilities, Weirdness & Mutations

One of your tentacles has grown a beastly spike.
You cannot wear most types of armour.
You are amphibious.
You can wear up to eight rings at the same time.
Your skin changes colour to match your surroundings (Stealth+).
Your rubbery body absorbs attacks. (AC +1, EV +1)
((You are camouflaged when in or above water. (Stealth+)))
You have tentacles for arms and can constrict up to eight enemies at once.


   Skills:
 + Level 2.0 Fighting
 + Level 2.7 Dodging
 + Level 2.4 Stealth
 * Level 4.1 Unarmed Combat
 - Level 2.0 Spellcasting
 - Level 2.0 Transmutations


You had 6 spell levels left.
You knew the following spells:

 Your Spells              Type           Power      Damage    Failure   Level
a - Beastly Appendage     Tmut           14%        N/A       10%         1

Your spell library contained the following spells:

 Spells                   Type           Power      Damage    Failure   Level
 Wereblood                Tmut           7%         N/A       14%         2
 Spider Form              Tmut/Pois      4%         N/A       41%         3
 Ice Form                 Ice/Tmut       4%         N/A       82%         4

Inventory:

Wands
 h - a wand of mindburst (14)
   (You found it on level 2 of the Dungeon)
 k - a wand of digging (7)
   (You found it on level 3 of the Dungeon)
Scrolls
 a - a scroll of fear {unknown}
 b - 3 scrolls of identify {unknown}
 c - a scroll of teleportation {unknown}
 f - 3 scrolls of noise {unknown}
 j - a scroll of amnesia {unknown}
Potions
 d - a potion of magic {unknown}
 e - a potion of flight {unknown}
 g - a potion of mutation {unknown}
 i - a potion of degeneration {unknown}

Dungeon Overview and Level Annotations

Branches:
Dungeon (3/15)

Altars:
Ru
Yredelemnul
Zin

Shops:
D:1 [ D:2

[( .# .#
.###############
...............##
##############..#
#####.## #......#
#.####.# #@##
#rr# #...BS†...#
#.....r≈.≈#
#....!≈.≈.#
#...≈≈≈≈≈≈#
##..≈≈+#### #.≈≈≈
#.≈≈≈


You could see 2 river rats, a ball python and a rat.


Message History

The adder zombie completely misses you. The quokka zombie closely misses you.
You tentacle-slap the quokka zombie.
You destroy the quokka zombie!
You constrict the adder zombie. The adder zombie closely misses you.
HP[+1]
You tentacle-slap the adder zombie.
You destroy the adder zombie!
You now have 93 gold pieces (gained 7).
Your transformation is almost over.
MP[+1]
Your mp is fully restored (7).
Your tentacle spike disappears.
HP[+1]
Found a stone staircase leading up.
A rat, a kobold and a quokka come into view.
The teleport trap disappears.
The rat disappears!
Casting: Beastly Appendage (safe; 10% risk of failure)
Confirm with . or Enter, or press ? or * to list all spells.
One of your tentacles grows a vicious spike.
MP[-1]
You lost 1 mp, and now have 6/7 mp.
You tentacle-slap the quokka. Your grab misses the quokka.
Your tentacle spike misses the quokka.
The quokka closely misses you.
You tentacle-slap the quokka.
You kill the quokka!
HP[+1] MP[+1]
Your mp is fully restored (7).
Your transformation is almost over.
HP[+1]
Your tentacle spike disappears.
A giant cockroach and a river rat come into view.
HP[+1]
Your hp is fully restored (29).
A rat and a ball python come into view.
A giant cockroach and a river rat come into view.
The giant cockroach barely misses you.
Casting: Beastly Appendage (safe; 10% risk of failure)
Confirm with . or Enter, or press ? or * to list all spells.
You miscast Beastly Appendage.
You are very lightly contaminated with residual magic.
Nothing appears to happen.
The giant cockroach barely misses you.
MP[-1]
You lost 1 mp, and now have 6/7 mp.
You barely miss the giant cockroach. You grab the giant cockroach.
You squeeze the giant cockroach, but do no damage.
You hear the quick rusting of a drain very nearby.
You constrict the giant cockroach, but do no damage.
The giant cockroach closely misses you.
You tentacle-slap the giant cockroach but do no damage.
You constrict the giant cockroach. The giant cockroach misses you.
The river rat barely misses you.
You closely miss the river rat. You grab the river rat.
You constrict the giant cockroach. You constrict the river rat.
The giant cockroach bites you but does no damage.
The river rat barely misses you.
You tentacle-slap the river rat. You constrict the giant cockroach.
You kill the giant cockroach!
You constrict the river rat. The river rat barely misses you.
You tentacle-slap the river rat but do no damage.
You constrict the river rat, but do no damage.
The river rat bites you.
HP[-6]
You take 6 damage, and now have 23/29 hp.
MASSIVE DAMAGE!! (PAUSE)
Casting: Beastly Appendage (safe; 10% risk of failure)
Confirm with . or Enter, or press ? or * to list all spells.
One of your tentacles grows a vicious spike.
You constrict the river rat, but do no damage.
The river rat bites you!
* * * LOW HITPOINT WARNING * * *
HP[-9] MP[-1]
You take 9 damage, and now have 14/29 hp.
MASSIVE DAMAGE!! (PAUSE)
You lost 1 mp, and now have 5/7 mp.
You tentacle-slap the river rat. Your grab misses the river rat.
You constrict the river rat. The river rat bites you.
* * * LOW HITPOINT WARNING * * *
The river rat bites you.
* * * LOW HITPOINT WARNING * * *
Your magical contamination has completely faded away.
HP[-6]
You take 6 damage, and now have 8/29 hp.
MASSIVE DAMAGE!! (PAUSE)
You barely miss the river rat. You grab the river rat.
You pierce the river rat, but do no damage.
You constrict the river rat, but do no damage.
You constrict the river rat. The river rat barely misses you.
The river rat bites you.
* * * LOW HITPOINT WARNING * * *
HP[-6]
You take 6 damage, and now have 2/29 hp.
MASSIVE DAMAGE!! (PAUSE)
You tentacle-slap the river rat but do no damage.
Your tentacle spike misses the river rat.
You squeeze the river rat, but do no damage.
You constrict the river rat. x2; The river rat closely misses you.
HP[+1]
You release your grip on the river rat. x2; The river rat bites you.
You die...

Skill      XL: |  1  2  3  4 |
---------------+-------------+-----
Stealth        | 1 2 |  2.4
Unarmed Combat | 4 |  4.1
Fighting       | 2 |  2.0
Dodging        | |  2.7
Spellcasting   | |  2.0
Transmutations | |  2.0

Action                   |  1- 3 |  4- 6 || total
-------------------------+-------+-------++-------
Melee: Unarmed           |    80 |    39 ||   119
       Tentacles         |    18 |     9 ||    27
       Kick              |    12 |    15 ||    27
       Punch             |     2 |     1 ||     3
       Constrict         |    20 |    12 ||    32
 Cast: Beastly Appendage |    22 |    11 ||    33
 Stab: Sleeping          |     5 |     1 ||     6
Armor: Skin              |    10 |     3 ||    13
Dodge: Dodged            |    53 |    21 ||    74

Levels and vault maps discovered:
D:1:      evilmike_arrival_fibonacci_small, layout_basic, serial_shops, shop,
          chequers_ecumenical_altar_simple
D:2:      layout_basic, serial_shops, shop, nicolae_shop_trees
D:3:      layout_rooms, nicolae_ru_path_of_blood,
          nicolae_yredelemnul_corpse_copse, mainiacjoe_overflow_catwalk,
          portal_sewer_entry_e

Notes
Turn   | Place    | Note
-------+----------+-------------------------------------------
     0 | D:1      | zeratav the Octopode Transmuter began the quest for the
                  | Orb.
     0 | D:1      | Reached XP level 1. HP: 13/13 MP: 3/3
     0 | D:1      | magus.rc [v1.9.6]
   102 | D:1      | HP: 2/13 [goblin/+0 dagger (4)]
   405 | D:1      | Reached XP level 2. HP: 12/18 MP: 3/5
   415 | D:1      | Reached skill level 1 in Stealth
   734 | D:1      | HP: 4/18 [dart slug/slug dart (5)]
   736 | D:1      | Reached XP level 3. HP: 5/23 MP: 6/6
  1284 | D:1      | Found Gicw's Antique Armour Shoppe.
  1407 | D:1      | Found a faded altar of an unknown god.
  1440 | D:1      | magus.rc [v1.9.6]
  1902 | D:2      | Found Wuasan's Antique Weapon Boutique.
  1989 | D:2      | Found Rikkaem's Antique Armour Shop.
  2152 | D:2      | Reached skill level 2 in Stealth
  2152 | D:2      | Reached XP level 4. HP: 21/29 MP: 7/7
  2461 | D:3      | Found a sacrificial altar of Ru.
  2473 | D:3      | Noticed a scorpion
  2551 | D:3      | Reached skill level 4 in Unarmed Combat
  2555 | D:3      | HP: 7/29 [orc/+0 trident (2)]
  2573 | D:3      | Reached skill level 2 in Fighting
  2851 | D:3      | Found a glowing silver altar of Zin.
  2888 | D:3      | Found a basalt altar of Yredelemnul.
  2949 | D:3      | HP: 2/29 [river rat (6)]
  2951 | D:3      | Slain by a river rat

Vanquished Creatures
  3 adders
  An adder zombie (D:3)
  2 dart slugs
  3 orcs (D:3)
  6 bats
  5 endoplasms
  3 giant cockroaches
  8 goblins
  7 hobgoblins
  3 kobolds
  4 quokkas
  6 ball pythons (D:1)
  3 frilled lizards
  A quokka zombie (D:3)
  2 rats
57 creatures vanquished.

Table legend:
 A = Non-vault XP
 B = Vault XP
 C = Vault XP percentage of total XP
 D = Non-vault monster count
 E = Vault monster count
 F = Vault count percentage of total count
                 A         B        C        D         E       F
            +---------+---------+-------+---------+---------+-------
      Total |     133 |       9 |   6.3 |      54 |       3 |   5.3
            +---------+---------+-------+---------+---------+-------
        D:1 |      44 |       0 |   0.0 |      25 |       0 |   0.0
        D:2 |      49 |       0 |   0.0 |      15 |       0 |   0.0
        D:3 |      40 |       9 |  18.4 |      14 |       3 |  17.6
            +---------+---------+-------+---------+---------+-------

Illustrated notes

Table legend:
 A = Kills in this place as a percentage of kills in entire the game.
 B = Kills by you in this place as a percentage of kills by you in the entire game.
 C = Kills by friends in this place as a percentage of kills by friends in the entire game.
 D = Other kills in this place as a percentage of other kills in the entire game.
 E = Experience gained in this place as a percentage of experience gained in the entire game.
 F = Experience gained in this place divided by the number of levels of this place that you have seen.
                   A       B       C       D       E      F
               +-------+-------+-------+-------+-------+----------------------
         Total | 100.0 | 100.0 |   N/A |   N/A | 100.0 |  47.3
       Dungeon | 100.0 | 100.0 |   N/A |   N/A | 100.0 |  47.3
               +-------+-------+-------+-------+-------+----------------------

Table legend: (Time is in decaauts)
 A = Elapsed time spent in this place.
 B = Non-inter-level travel time spent in this place.
 C = Inter-level travel time spent in this place.
 D = Time resting spent in this place.
 E = Time spent auto-exploring this place.
 F = Levels seen in this place.
 G = Mean time per level.
                   A        B        C        D        E       F      G
               +--------+--------+--------+--------+--------+-----+--------+
         Total |   2941 |   2854 |     87 |    704 |   1644 |   3 |  980.3 |
       Dungeon |   2941 |   2854 |     87 |    704 |   1644 |   3 |  980.3 |
               +--------+--------+--------+--------+--------+-----+--------+

Top non-repeatable levels by time:
     D:1: 1447 daAuts
     D:2: 928 daAuts
     D:3: 565 daAuts
